 Seeded DCSS version 0.27.1-34-g3ba077fa99 (webtiles) character file.

Game seed: 12092574107127483836 (custom seed)

248 hikkokomori the Skirmisher (level 6, -1/67 HPs)
             Began as an Ogre Warper on Feb 4, 2022.
             Slain by Natasha (3 damage)
             ... on level 4 of the Dungeon.
             The game lasted 00:09:14 (4436 turns).

hikkokomori the Skirmisher (Ogre Warper)            Turns: 4436, Time: 00:09:15

Health: -1/67      AC:  3    Str: 18    XL:     6   Next: 12%
Magic:  9/9        EV:  9    Int: 14    God:
Gold:   58         SH:  0    Dex:  8    Spells: 9/9 levels left

rFire    . . .     SeeInvis .   d - +0 giant spiked club
rCold    . . .     Faith    .   (shield currently unavailable)
rNeg     . . .     Spirit   .   b - +0 robe
rPois    .         Reflect  .   (helmet restricted)
rElec    .         Harm     .   (no cloak)
rCorr    .         Rampage  .   (gloves unavailable)
Will     .....                  (boots unavailable)
Stlth    +.........             (no amulet)
HPRegen  0.21/turn              (no ring)
MPRegen  0.11/turn              (no ring)

@: slowed, very slow
A: large, unfitting armour, tough skin 1
a: no special abilities


You were on level 4 of the Dungeon.
You visited 1 branch of the dungeon, and saw 4 of its levels.

You collected 128 gold pieces.
You spent 70 gold pieces at shops.

Inventory:

Hand Weapons
 a - a +0 mace
 d - a +0 giant spiked club (weapon)
 k - a +0 flail
Missiles
 j - 98 stones (quivered)
Armour
 b - a +0 robe (worn)
Scrolls
 c - a scroll of blinking
 e - a scroll of fear {unknown}
 h - a scroll of enchant armour {unknown}
 i - a scroll of noise {unknown}
 l - a scroll of immolation {unknown}
 m - a scroll of amnesia {unknown}
 n - a scroll of enchant weapon {unknown}
 o - a scroll of teleportation
 p - a scroll of identify
Potions
 g - a potion of degeneration


   Skills:
 + Level 6.0 Fighting
 + Level 4.1 Maces & Flails
 - Level 1.0 Throwing
 - Level 2.1 Dodging
 - Level 2.4 Spellcasting
 - Level 2.6 Translocations


You had 9 spell levels left.
You didn't know any spells.
Your spell library contained the following spells:

 Spells                   Type           Power      Damage    Failure   Level
 Blink                    Tloc           N/A        N/A       12%         2
 Gell's Gravitas          Tloc           4%         N/A       22%         3
 Lesser Beckoning         Tloc           4%         N/A       22%         3
 Teleport Other           Tloc           9%         N/A       22%         3
 Manifold Assault         Tloc           9%         N/A       91%         5


Dungeon Overview and Level Annotations

Branches:
Dungeon (4/15)
 Temple: D:4-7

Altars:
Sif Muna

Shops:
D:3 ?

Annotations:
D:4 Natasha


Innate Abilities, Weirdness & Mutations

You are too large for most types of armour.
You have tough skin. (AC +1)


Message History

You barely miss Natasha.
Natasha is severely wounded.
Natasha barely misses you. The iron imp hits you! Natasha barely misses you.
You closely miss Natasha.
Natasha is severely wounded.
Natasha casts a spell at you. The magic dart hits you! The iron imp hits you.
Natasha claws you but does no damage.
You closely miss Natasha.
Natasha is severely wounded.
The iron imp closely misses you. Natasha casts a spell at you.
You feel yourself slow down. The iron imp barely misses you.
You barely miss Natasha.
Natasha is severely wounded.
Natasha barely misses you. The iron imp barely misses you.
Natasha closely misses you. Natasha claws you but does no damage.
The iron imp hits you.
You closely miss Natasha.
Natasha is severely wounded.
Natasha claws you. The iron imp hits you! Natasha barely misses you.
The iron imp hits you.
You closely miss Natasha.
Natasha is severely wounded.
Natasha mumbles some strange words.
Natasha glows brightly for a moment.
Natasha stares at you and mumbles some strange words.
You feel as though you will be slow longer.
The iron imp hits you. Natasha claws you but does no damage.
The iron imp barely misses you.
You barely miss Natasha.
Natasha is severely wounded.
Natasha claws you.
* * * LOW HITPOINT WARNING * * *
Natasha claws you!
* * * LOW HITPOINT WARNING * * *
The iron imp hits you!
* * * LOW HITPOINT WARNING * * *
Natasha claws you.
You die...

..........####...#########
#########.................
## ##..####...#####
.##########.######..########
.....................†.....#
############...####.######.#
###...##... ###5###### #@#
#h# #.# #.# ..# .... ...##
.... .....


You could see an iron imp (summoned) and Natasha.

Vanquished Creatures
  An ogre (D:4)
  Ijyb (D:3)
  Natasha (D:4)
  2 adders (D:4)
  A worm (D:2)
  2 dart slugs (D:3)
  3 orcs (D:2)
  3 ball pythons
  4 endoplasms
  10 giant cockroaches
  4 goblins
  9 hobgoblins
  6 jackals
  5 quokkas
  9 bats
  2 frilled lizards (D:2)
  8 kobolds
  7 rats
78 creatures vanquished.

Notes
Turn   | Place    | Note
-------+----------+-------------------------------------------
     0 | D:1      | hikkokomori the Ogre Warper began the quest for the Orb.
     0 | D:1      | Reached XP level 1. HP: 22/22 MP: 3/3
    67 | D:1      | Reached skill level 3 in Fighting
   174 | D:1      | Reached XP level 2. HP: 31/31 MP: 5/5
   589 | D:1      | Reached XP level 3. HP: 38/39 MP: 6/6
  1185 | D:2      | Reached skill level 4 in Fighting
  1810 | D:2      | Reached XP level 4. HP: 46/49 MP: 7/7
  2242 | D:3      | Found Haggouf's Magic Scroll Boutique.
  2247 | D:3      | Bought a scroll of identify for 28 gold pieces
  2247 | D:3      | Bought a scroll of teleportation for 42 gold pieces
  2367 | D:3      | Noticed Ijyb
  2387 | D:3      | HP: 1/49 [Ijyb (5)]
  2716 | D:3      | HP: 1/49 [Ijyb (2)]
  2719 | D:3      | Killed Ijyb
  3122 | D:3      | Reached skill level 5 in Fighting
  3167 | D:3      | Found a faded altar of an unknown god.
  3476 | D:3      | Reached XP level 5. HP: 57/57 MP: 8/8
  3805 | D:3      | Became a worshipper of Sif Muna the Loreminder
  3805 | D:3      | Reached * piety under Sif Muna
  3806 | D:3      | Fell from the grace of Sif Muna
  4000 | D:4      | Noticed Natasha
  4014 | D:4      | Killed Natasha
  4166 | D:4      | Noticed an ogre
  4178 | D:4      | Killed an ogre
  4179 | D:4      | Reached skill level 6 in Fighting
  4179 | D:4      | Reached XP level 6. HP: 23/67 MP: 9/9
  4424 | D:4      | Noticed Natasha
  4436 | D:4      | HP: 2/67 [iron imp[Natasha] (8)]
  4436 | D:4      | Slain by Natasha

Illustrated notes

Levels and vault maps discovered:
D:1:      dpeg_arrival_simpleton_b, layout_rooms, serial_corexii_hall,
          corexii_hall_statues_deadend, chequers_hall_statues_corner_a,
          minmay_misc_feat_pillars, minivault_11, minmay_misc_feat_four_crosses
D:2:      layout_rooms, minmay_misc_feat_alley, guppyfry_early_orc_mine
D:3:      layout_loops_corners, serial_shops, shop_fountains,
          hellmonk_ecumenical_altar_run_dry, hangedman_decor_growths, uniq_ijyb
D:4:      layout_rooms, uniq_grinder, uniq_sigmund, uniq_natasha

Skill      XL: |  1  2  3  4  5 |
---------------+----------------+-----
Fighting       | 3 4 5 6 |  6.0
Maces & Flails | 2 3 4 |  4.1
Throwing       | |  1.0
Dodging        | |  2.1
Spellcasting   | |  2.4
Translocations | |  2.6

Action                   |  1- 3 |  4- 6 || total
-------------------------+-------+-------++-------
Melee: Mace              |   151 |   154 ||   305
       Giant spiked club |       |     8 ||     8
Throw: Stone             |     4 |       ||     4
       Boomerang         |     1 |     4 ||     5
Invok: Renounce Religion |       |     1 ||     1
  Use: Scroll            |       |     1 ||     1
       Potion            |       |     3 ||     3
Armor: Robe              |    51 |    54 ||   105
Dodge: Dodged            |    86 |    82 ||   168
